 Dungeon Crawl Stone Soup version 0.29.1-2-gbd0b4ee654 (webtiles) character file.

Game seed: 5960910993040823909

112 zeram the Sneak (level 4, -3/23 HPs)
             Began as a Spriggan Brigand on Dec 1, 2022.
             Slain by a gnoll
             ... wielding a +0 spear
              (7 damage)
             ... on level 3 of the Dungeon.
             The game lasted 00:06:31 (3857 turns).

zeram the Sneak (Spriggan Brigand)                  Turns: 3857, Time: 00:06:31

Health: -3/23      AC:  3    Str:  7    XL:     4   Next: 63%
Magic:  5/5        EV: 17    Int: 14    God:
Gold:   117        SH:  0    Dex: 16    Spells: 1/3 levels left

rFire   . . .      SeeInvis +   a - +2 dagger
rCold   . . .      Faith    .   (no shield)
rNeg    . . .      Spirit   .   b - +0 robe
rPois   .          Reflect  .   (helmet restricted)
rElec   .          Harm     .   c - +0 cloak
rCorr   .          Rampage  .   (gloves unavailable)
Will    .....                   (boots unavailable)
Stlth   ++++......              (no amulet)
HPRegen 0.07/turn               (no ring)
MPRegen 0.09/turn               (no ring)

@: very quick
A: very small, no large weapons, unfitting armour, see invisible, speed 3
a: no special abilities


You were on level 3 of the Dungeon.
You visited 1 branch of the dungeon, and saw 3 of its levels.

You collected 117 gold pieces.

Inventory:

Hand Weapons
 a - a +2 dagger (weapon)
Missiles
 d - 11 poisoned darts (quivered)
 e - 3 curare-tipped darts
Armour
 b - a +0 robe (worn)
 c - a +0 cloak (worn)
Potions
 f - a potion of lignification {unknown}
 g - a potion of attraction {unknown}
 i - a potion of magic {unknown}
 j - 2 potions of curing
 k - a potion of might {unknown}


   Skills:
 + Level 1.8 Fighting
 + Level 3.3 Short Blades
 + Level 2.1 Throwing
 + Level 2.3 Dodging
 + Level 7.8 Stealth


You had one spell level left.
You knew the following spells:

 Your Spells              Type           Power      Damage    Failure   Level
a - Ensorcelled Hibernat  Hex/Ice        0%         N/A       41%         2

Your spell library contained the following spells:

 Spells                   Type           Power      Damage    Failure   Level
 Passwall                 Tmut/Erth      0%         N/A       41%         2
 Swiftness                Air            0%         N/A       65%         3


Dungeon Overview and Level Annotations

Branches:
Dungeon (3/15)

Altars:
Hepliaklqana

Shops:
D:2 :


Innate Abilities, Weirdness & Mutations

You are very small and have problems with some larger weapons.
You are too small for most types of armour.
You have supernaturally acute eyesight. (SInv)
You cover ground extremely quickly. (Speed+++)


Message History

A gnoll comes into view. It is wielding a +0 spear.
The gnoll barely misses you.
The gnoll shouts!
You hit the gnoll.
The gnoll is severely wounded.
The gnoll barely misses you.
You hit the gnoll.
The gnoll is almost dead.
You hit the gnoll.
You kill the gnoll!
The gnoll closely misses you.
A giant cockroach comes into view.
The gnoll hits you with a +0 flail. The gnoll closely misses you.
Things that are here:
a +0 flail; a gnoll corpse The gnoll completely misses you.
The gnoll hits you from afar with a +0 spear.
The gnoll closely misses you. The gnoll misses you.
The gnoll hits you from afar with a +0 spear.
You hit the gnoll.
The gnoll is moderately wounded.
The gnoll misses you. x2; The gnoll closely misses you.
You hit the gnoll.
The gnoll is heavily wounded.
The gnoll hits you from afar with a +0 spear.
The gnoll closely misses you. The gnoll misses you.
You hit the gnoll.
The gnoll is heavily wounded.
The giant cockroach completely misses you.
The gnoll misses you. The gnoll barely misses you.
The gnoll completely misses you.
You closely miss the gnoll.
The gnoll is heavily wounded.
The giant cockroach bites you but does no damage.
You hit the gnoll but do no damage.
The gnoll is heavily wounded.
The gnoll closely misses you. The gnoll hits you with a +0 flail.
* * * LOW HITPOINT WARNING * * *
The gnoll hits you from afar with a +0 spear!
You die...

######## #.###...#
.......#+#..÷....#
...............###
...................
............######
..............# #
###..........#
..##########g.........#
........†.g.@#.[.######
........).gB.#...#
.............#####
.........:...#
...........###
....###..### ..# #.## .
#.# ...


You could see 3 gnolls and a giant cockroach.

Vanquished Creatures
  Robin (D:1)
  2 adders
  A gnoll (D:3)
  2 worms (D:2)
  A dart slug (D:3)
  5 ball pythons
  5 bats
  5 endoplasms
  A giant cockroach (D:2)
  14 goblins
  4 hobgoblins
  4 jackals (D:1)
  3 quokkas
  4 frilled lizards
  4 kobolds
  6 rats
62 creatures vanquished.

Notes
Turn   | Place    | Note
-------+----------+-------------------------------------------
     0 | D:1      | zeram the Spriggan Brigand began the quest for the Orb.
     0 | D:1      | Reached XP level 1. HP: 10/10 MP: 2/2
    24 | D:1      | Reached skill level 6 in Stealth
   146 | D:1      | Reached XP level 2. HP: 2/14 MP: 3/3
   555 | D:1      | You fall into a shaft and drop 1 floor!
   627 | D:2      | Noticed Robin
   852 | D:1      | Reached skill level 7 in Stealth
  1302 | D:1      | Reached XP level 3. HP: 18/18 MP: 4/4
  1305 | D:1      | Learned a level 2 spell: Ensorcelled Hibernation
  2519 | D:1      | Killed Robin
  2520 | D:1      | Reached XP level 4. HP: 13/23 MP: 5/5
  2867 | D:2      | Found a hazy altar of Hepliaklqana.
  3226 | D:2      | Found Qefat's Vocational Training.
  3857 | D:3      | Slain by a gnoll

Illustrated notes

Levels and vault maps discovered:
D:1:      lightli_arrival_boilingwater, layout_loops_corners,
          minmay_indecisive_spiral
D:2:      layout_basic, basic_altar, nicolae_shop_vocational, uniq_robin
D:3:      layout_basic, hellmonk_ecumenical_altar_leap_of_faith

Skill      XL: |  1  2  3  4 |
---------------+-------------+-----
Stealth        | 6 7 |  7.8
Short Blades   | 3 |  3.3
Dodging        | 2 |  2.3
Fighting       | |  1.8
Throwing       | |  2.1

Action                   |  1- 3 |  4- 6 || total
-------------------------+-------+-------++-------
Melee: Dagger            |   122 |    85 ||   207
       Punch             |     2 |       ||     2
Throw: Dart              |     6 |       ||     6
  Use: Scroll            |     4 |       ||     4
       Potion            |     1 |     1 ||     2
 Stab: Sleeping          |    16 |     5 ||    21
       Distracted        |     1 |       ||     1
Armor: Robe              |    34 |    15 ||    49
Dodge: Dodged            |    95 |    57 ||   152
